 Dungeon Crawl Stone Soup version 0.30-a0-458-g86641cc369 (webtiles) character file.

Game seed: 11658384525985579469

2779 cforsyth the Grappler (level 9, -6/89 HPs)
             Began as a Troll Fighter on Dec 14, 2022.
             Mangled by a green ugly thing (10 damage)
             ... on level 6 of the Dungeon.
             The game lasted 00:08:44 (4724 turns).

cforsyth the Grappler (Troll Fighter)               Turns: 4724, Time: 00:08:44

Health: -6/89      AC:  5    Str: 26    XL:     9   Next: 42%
Magic:  8/8        EV: 13    Int:  8    God:
Gold:   333        SH:  8    Dex:  9    Spells: 8/8 levels left

rFire   . . .      SeeInvis .      - Unarmed
rCold   . . .      Faith    .    b - +0 kite shield
rNeg    . . .      Spirit   .    a - +0 robe
rPois   .          Reflect  .    (helmet restricted)
rElec   .          Harm     .    l - +0 cloak
rCorr   .          Rampage  .    (gloves unavailable)
Will    .....                    (boots unavailable)
Stlth   +.........               C - amulet of regeneration
HPRegen 1.94/turn                B - +4 ring of evasion
MPRegen 0.11/turn                (no ring)

@: lethally poisoned (-6 -> -20), about to teleport
A: large, unfitting armour, claws 3, regeneration 1, shaggy fur 1, tough skin 1
a: no special abilities


You were on level 6 of the Dungeon.
You visited 1 branch of the dungeon, and saw 7 of its levels.

You collected 333 gold pieces.

Inventory:

Missiles
 f - a throwing net (quivered)
Armour
 a - a +0 robe (worn)
 b - a +0 kite shield (worn)
 l - a +0 cloak (worn)
Jewellery
 B - a +4 ring of evasion (left claw)
 C - an amulet of regeneration (around neck)
Wands
 m - a wand of polymorph (22)
 t - a wand of acid (13)
 w - a wand of paralysis (2)
Scrolls
 c - a scroll of fog {unknown}
 d - a scroll of enchant weapon {unknown}
 e - 3 scrolls of teleportation
 h - 3 scrolls of immolation
 k - a scroll of brand weapon {unknown}
 p - a scroll of vulnerability
 s - a scroll of amnesia {unknown}
 u - a scroll of magic mapping {unknown}
 v - 2 scrolls of identify
 x - a scroll of silence {unknown}
 y - 2 scrolls of torment {unknown}
Potions
 g - 4 potions of flight
 i - 3 potions of invisibility
 j - a potion of lignification
 n - a potion of attraction {unknown}
 o - 2 potions of curing
 q - a potion of haste {unknown}
 r - 2 potions of degeneration {unknown}
 z - a potion of magic {unknown}
 A - a potion of mutation {unknown}


   Skills:
 + Level 5.9 Fighting
 - Level 2.7 Dodging
 + Level 6.5 Shields
 * Level 9.3 Unarmed Combat


You had 8 spell levels left.
You didn't know any spells.
Your spell library contained the following spells:

 Spells                   Type           Power      Damage    Failure   Level
 Vhi's Electric Charge    Tloc/Air       0%         N/A       95%         3
 Arcjolt                  Conj/Air       0%         1d10      100%        5
 Maxwell's Capacitive Co  Air            0%         ∞         100%        8


Dungeon Overview and Level Annotations

Branches:
Dungeon (7/15)
 Temple: D:4-7

Altars:
Sif Muna
Zin

Annotations:
D:6 2 runed translucent doors, elongatedgoose's ghost, amateur MiFi


Innate Abilities, Weirdness & Mutations

You are too large for most types of armour.
You have claws for hands.
Your natural rate of healing is unusually fast.
You are covered in fur. (AC +1)
You have tough skin. (AC +1)


Message History

You feel sick.
You feel sick.
You feel sick.
You are no longer poisoned.
There is an escape hatch in the ceiling here.
The green ugly thing attacks as you move away!
The green ugly thing barely misses you.
There is a stone staircase leading up, spattered with blood here.
The green ugly thing pecks you.
You climb upwards.
Level annotation: 2 runed translucent doors, elongatedgoose's ghost, amateur MiFi Reactivating autopickup.
There is a stone staircase leading down here.
You scratch the green ugly thing.
The green ugly thing is lightly wounded.
The green ugly thing pecks you!
You are poisoned.
The green ugly thing poisons you!
You mangle the green ugly thing!!
The green ugly thing is moderately wounded.
You feel very sick. The green ugly thing pecks you!
You are more poisoned.
The green ugly thing poisons you!
You scratch the green ugly thing.
The green ugly thing is moderately wounded.
You feel extremely sick. The green ugly thing pecks you!
* * * LOW HITPOINT WARNING * * *
You barely miss the green ugly thing.
The green ugly thing is moderately wounded.
* * * LOW HITPOINT WARNING * * *
You feel extremely sick.
You block the green ugly thing's attack.
As you read the scroll of teleportation, it crumbles to dust.
You feel strangely unstable.
* * * LOW HITPOINT WARNING * * *
You feel extremely sick. The green ugly thing pecks you!
You die...

~~!~~~F+...##....## ##.....## #
~~~~~~W#.#.##.#.#####.).....## #
##########.#.........))......# #
#.......##.....#####..)......# #
........##.....# #.........# #
#..............# #.........# #
##...##.....########.........####
#..####..........................
#.........##...u@.##.........####
.......#...##.....##.......[.#
..###....#...#....##.........#
.........###......##.........#
..#.....#####................#
..#.#.....####....#.........##
....##............##....>..## #
...####.######..[..<.....### #
..#####..## ####..#.##....######


You could see a green ugly thing.

Vanquished Creatures
  Pikel (D:5)
  Grinder (D:4)
  Sigmund (D:3)
  2 water moccasins
  A black bear (D:6)
  2 orc warriors
  3 ogres
  3 lemures (D:5)
  A phantom (D:5)
  Blork the orc (D:6)
  A bullfrog (D:7)
  A gnoll sergeant (D:6)
  3 scorpions
  4 wights (D:7)
  5 orc priests
  A jelly (D:7)
  Jessica (D:3)
  3 iguanas
  2 orc wizards (D:3)
  3 gnolls
  9 adders
  A shadow imp (D:5)
  3 white imps
  2 worms (D:2)
  2 dart slugs
  20 orcs
  7 endoplasms
  6 giant cockroaches
  6 goblins
  7 hobgoblins
  5 jackals (D:2)
  3 quokkas
  4 ball pythons
  2 bats
  3 frilled lizards
  3 kobolds
  6 rats
129 creatures vanquished.

Notes
Turn   | Place    | Note
-------+----------+-------------------------------------------
     0 | D:1      | cforsyth the Troll Fighter began the quest for the Orb.
     0 | D:1      | Reached XP level 1. HP: 22/22 MP: 0/0
   175 | D:1      | You fall into a shaft and drop 1 floor!
   200 | D:2      | Reached XP level 2. HP: 29/29 MP: 1/1
   366 | D:1      | Reached XP level 3. HP: 36/36 MP: 2/2
   845 | D:2      | Found a faded altar of an unknown god.
  1184 | D:3      | Noticed Sigmund
  1209 | D:3      | Killed Sigmund
  1210 | D:3      | Reached skill level 4 in Unarmed Combat
  1210 | D:3      | Reached XP level 4. HP: 44/45 MP: 3/3
  1210 | D:3      | Reached XP level 5. HP: 52/53 MP: 4/4
  1414 | D:3      | Reached XP level 6. HP: 51/61 MP: 5/5
  1661 | D:3      | Noticed Jessica
  1664 | D:3      | Killed Jessica
  1748 | D:3      | Found a shimmering blue altar of Sif Muna.
  2100 | D:4      | Reached skill level 5 in Unarmed Combat
  2568 | D:4      | Noticed Grinder
  2594 | D:4      | Paralysed by Grinder for 5 turns
  2601 | D:4      | Killed Grinder
  2602 | D:4      | Reached XP level 7. HP: 38/70 MP: 6/6
  2760 | D:4      | Reached skill level 6 in Unarmed Combat
  2824 | D:5      | Entered Level 5 of the Dungeon
  3418 | D:5      | Reached skill level 5 in Shields
  3418 | D:5      | Reached XP level 8. HP: 63/79 MP: 7/7
  3521 | D:5      | Noticed Pikel
  3573 | D:5      | Killed Pikel
  3574 | D:5      | Reached skill level 5 in Fighting
  3574 | D:5      | Reached skill level 7 in Unarmed Combat
  3652 | D:5      | Found a glowing silver altar of Zin.
  3937 | D:6      | Noticed Blork the orc
  3945 | D:6      | Killed Blork the orc
  4004 | D:6      | Reached skill level 8 in Unarmed Combat
  4315 | D:6      | Found a runed translucent door.
  4316 | D:6      | Noticed elongatedgoose's ghost (amateur MiFi)
  4351 | D:6      | Reached XP level 9. HP: 88/88 MP: 8/8
  4502 | D:6      | Found a runed translucent door.
  4610 | D:7      | Reached skill level 9 in Unarmed Combat
  4695 | D:7      | Noticed a green ugly thing
  4724 | D:6      | HP: 4/89 [poisoned by a green ugly thing]
  4724 | D:6      | Mangled by a green ugly thing

Illustrated notes

Levels and vault maps discovered:
D:1:      dpeg_arrival_stone_temple_mockup, layout_basic
D:2:      layout_rooms, hellmonk_ecumenical_altar_slurped_away
D:3:      layout_loops_ring, mainiacjoe_overflow_catwalk, hex_tiny,
          nicolae_elevator_lobby_asterisk, uniq_sigmund, uniq_jessica
D:4:      minmay_razor_zed, layout_basic, minmay_misc_feat_ornament,
          uniq_grinder
D:5:      layout_gridville, zin_scriptorium, minmay_misc_feat_enclosed,
          uniq_pikel
D:6:      layout_rooms, ebering_ghost_sewer_f, uniq_blork_the_orc
D:7:      hangedman_cross_stitches, layout_basic, general_overflow_altar,
          minmay_temple_entry_enclosed_plants, dreamdust_gnoll_farm,
          uniq_duvessa

Skill      XL: |  1  2  3  4  5  6  7  8  9 |
---------------+----------------------------+-----
Shields        | 3 4 5 6 |  6.5
Fighting       | 3 4 5 |  5.9
Unarmed Combat | 4 5 6 8 9 |  9.3
Dodging        | |  2.7

Action                   |  1- 3 |  4- 6 |  7- 9 || total
-------------------------+-------+-------+-------++-------
Melee: Unarmed           |   107 |   125 |   189 ||   421
  Use: Potion            |     1 |       |       ||     1
       Scroll            |       |     5 |     3 ||     8
 Stab: Sleeping          |     1 |     1 |       ||     2
Armor: Robe              |    40 |    22 |    27 ||    89
Dodge: Dodged            |    39 |    30 |    83 ||   152
Block: Kite shield       |    34 |    32 |    66 ||   132

Table legend: (Time is in decaauts)
 A = Elapsed time spent in this place.
 B = Non-inter-level travel time spent in this place.
 C = Inter-level travel time spent in this place.
 D = Time resting spent in this place.
 E = Time spent auto-exploring this place.
 F = Levels seen in this place.
 G = Mean time per level.
                   A        B        C        D        E       F      G
               +--------+--------+--------+--------+--------+-----+--------+
         Total |   4737 |   4572 |    165 |    324 |   3221 |   7 |  676.7 |
       Dungeon |   4737 |   4572 |    165 |    324 |   3221 |   7 |  676.7 |
               +--------+--------+--------+--------+--------+-----+--------+

Top non-repeatable levels by time:
     D:5: 1189 daAuts
     D:4: 929 daAuts
     D:3: 764 daAuts
     D:1: 632 daAuts
     D:6: 608 daAuts
     D:2: 511 daAuts
     D:7: 100 daAuts
